[Event "*** Titled Tuesday Blitz"]
[Site "Chess.com"]
[Date "2018.10.02"]
[Round "7"]
[White "farzadbfd"]
[Black "JonahWillow"]
[Result "0-1"]
[WhiteElo "2534"]
[BlackElo "2707"]
[TimeControl "180+2"]
[EndTime "14:34:06 PDT"]
[Termination "JonahWillow won on time"]

1. e4 c5 2. Nc3 Nc6 3. g3 g6 4.
Bg2 Bg7 5. d3 e6 6. Be3 d6 7.
Qd2 Nd4 8. Nd1 Nf6 9. h3 O-O 10. c3 Nc6 11. Ne2 b6 12. O-O Ba6 13. f4 Rc8 14. Nf2 d5 15. e5 d4 16. exf6 dxe3 17. Qxe3 Bxf6 18. Rfd1 Bg7 19. g4 Re8 20. Ng3 Qc7 21.
Nge4 f5 22. Ng3 e5 23. Re1 exf4 24. Qxe8+ Rxe8 25. Rxe8+ Kf7 26. Rae1 Ne5 27. R8xe5 Bxe5 28. Nf1 Bf6 29. gxf5 gxf5 30. Bd5+ Kg7 31. Re8 Bb7 32. Rg8+ Kh6 33. Be6 Qd6 34. Bxf5 Bd5 35. Ng4+ Kh5 36. Re8 h6 37. Nd2 f3 38. Nf1 Be7 39. Rh8 Bg5 40. Kf2 Bh4+ 41. Kg1 f2+ 42. Nxf2 Bxf2+ 43. Kxf2 Kg5 44.
Bg4 Qf6+ 0-1

[Event "*** Titled Tuesday Blitz"]
[Site "Chess.com"]
[Date "2018.10.02"]
[Round "7"]
[White "Rodalquilar"]
[Black "plouarzel"]
[Result "1-0"]
[WhiteElo "2551"]
[BlackElo "2588"]
[TimeControl "180+2"]
[EndTime "14:34:07 PDT"]
[Termination "Rodalquilar won by checkmate"]

1. d4 d6 2. e4 Nf6 3. Nc3 e5 4. Nf3 Nbd7 5. Bc4 exd4 6. Nxd4 Nb6 7. Be2 Be7 8. O-O O-O 9. Re1 c6 10. a4 a5 11. b3 d5 12. e5 Ne8 13. Bb2 g6 14. f4 Ng7 15. Kh1 f6 16. exf6 Bxf6 17. Qd2 Nf5 18. Nd1 Bd7 19. Bf3 Nc8 20. Nxf5 Bxf5 21.
Bxf6 Qxf6 22. Ne3 Nd6 23. Nxf5 Nxf5 24. Re5 Nh4 25. Rf1 Kh8 26. Be2 Rae8 27. Rxe8 Rxe8 28. Bd3 b6 29. f5 gxf5 30. g3 Ng6 31. Rxf5 Qe6 32.
Qg5 Ne5 33. Rf6 Qe7 34. Bxh7 Nf3 35. Qf4 Qe1+ 36. Kg2 Qe2+ 37. Kh3 Qxh2+ 38. Kg4 Ne5+ 39. Kg5 Qxh7 40. Rh6 Rg8+ 41. Kh5 Nf7 42. Qxf7 Qxh6+ 43. Kxh6 Rxg3 44. Qf8+ Rg8 45. Qf6+ Rg7 46. Qxg7# 1-0

[Event "*** Titled Tuesday Blitz"]
[Site "Chess.com"]
[Date "2018.10.02"]
[Round "7"]
[White "GCamachoMartinez"]
[Black "Ramosha"]
[Result "0-1"]
[WhiteElo "2289"]
[BlackElo "2474"]
[TimeControl "180+2"]
[EndTime "14:34:20 PDT"]
[Termination "Ramosha won by resignation"]

1. d4 e6 2. c4 d5 3. Nf3 Nf6 4. Nc3 Be7 5. Bf4 O-O 6. e3 c5 7. dxc5 Bxc5 8. cxd5 exd5 9. Bd3 Nc6 10. O-O h6 11. h3 a6 12. Rc1 d4 13. Na4 Ba7 14. exd4 Nxd4 15. Nxd4 Bxd4 16. Bc7 Qd5 17. Bc4 Qe4 18. Re1 Qh4 19. g3 Bxf2+ 20. Kxf2 Qxh3 21. Rg1 b5 22. Be2 Bb7 23. Bf3 Bxf3 24. Qxf3 bxa4 25. g4 Qh4+ 26. Bg3 Qxg4 27. Be5 Ne4+ 28. Ke3 Qxf3+ 29. Kxf3 Ng5+ 30. Kg3 Rfe8 31. Bf4 Re4 32. Bxg5 hxg5 33. Rc7 Rd8 34. Rf1 Rd3+ 35. Kg2 Re2+ 36. Rf2 Rxf2+ 37. Kxf2 Rd2+ 38. Kg3 Rxb2 39. Ra7 Rxa2 40. Kg4 Rg2+ 41. Kf5 g6+ 42. Kf6 Rf2+ 43. Kxg5 Kg7 44. Rxa6 Ra2 45. Ra7 Ra1 46. Kf4 a3 47. Kf3 a2 48. Kg2 Kh6 0-1

[Event "*** Titled Tuesday Blitz"]
[Site "Chess.com"]
[Date "2018.10.02"]
[Round "7"]
[White "saraswathii"]
[Black "Alopekos"]
[Result "0-1"]
[WhiteElo "2319"]
[BlackElo "2435"]
[TimeControl "180+2"]
[EndTime "14:34:26 PDT"]
[Termination "Alopekos won by resignation"]

1. e4 e5 2. d3 Nc6 3. Nf3 Nf6 4. g3 d5 5. exd5 Nxd5 6. Bg2 Bg4 7. O-O Qd7 8. Re1 O-O-O 9. Nbd2 f6 10. Nc4 Bc5 11. Ne3 Bh3 12. Bxh3 Qxh3 13. Nxd5 Rxd5 14. Be3 e4 15. Bxc5 exf3 16. Qxf3 Rxc5 17. c3 Re5 18. d4 Ree8 19. b4 Qd7 20. a4 Rxe1+ 21. Rxe1 Re8 22. Rxe8+ Qxe8 23. Qf5+ Qd7 24. Qxh7 Nd8 25. b5 b6 26.
Qe4 Kb8 27. Kg2 Nb7 28. h4 Nd6 29. Qh7 a6 30. bxa6 Ka7 31. Qd3 Qxa4 32. Qg6 Qd7 33. Qd3 Qf5 34. Qf1 Qb5 35. Qe1 Kxa6 36. Qe7 Qd5+ 37. Kh3 Qf7 38. Qe2+ Kb7 39. Qf3+ Kb8 40. h5 Qd7+ 41. g4 Nf7 42. Kg2 Ng5 43. Qf4 Qc6+ 44.
f3 Qxc3 45. h6 gxh6 46. Qxf6 Qxf3+ 47. Qxf3 Nxf3 48. Kxf3 b5 49. Ke4 Kb7 50. Kd5 Kb6 0-1

[Event "*** Titled Tuesday Blitz"]
[Site "Chess.com"]
[Date "2018.10.02"]
[Round "7"]
[White "vovachesss"]
[Black "severomorskij"]
[Result "0-1"]
[WhiteElo "2469"]
[BlackElo "2685"]
[TimeControl "180+2"]
[EndTime "14:34:33 PDT"]
[Termination "severomorskij won by resignation"]

1. e4 c5 2. d4 cxd4 3. c3 d3 4.
Nf3 g6 5. Bxd3 Bg7 6. O-O Nc6 7. Nbd2 d6 8. Nc4 Nf6 9. Qe2 O-O 10. h3 b6 11. Bg5 Bb7 12. Rad1 Qc7 13. Rfe1 Rac8 14. Qe3 Rfd8 15. Bh6 Bh8 16. e5 dxe5 17. Ncxe5 Nd5 18. Qe2 Nxe5 19. Nxe5 e6 20. Bc2 b5 21. Bb3 a5 22.
a4 bxa4 23. Bxa4 Nb6 24. Bb5 Rxd1 25. Rxd1 Qxe5 26. Qd3 Qc7 27. c4 Bg7 28. Be3 Ba8 29. b3 h5 30. f3 Bc6 31. Qd6 Qxd6 32. Rxd6 Bxb5 33. Bxb6 Be8 34. Bxa5 Bf8 35. Rd3 Rb8 36. Kf2 Bc5+ 37. Ke2 Kf8 38. Bc7 Rb7 39. Be5 Ke7 40. Kd2 f6 41. Bg3 g5 42. Kc3 Bg6 43. Rd1 e5 44. h4 Bd4+ 45. Kd2 gxh4 46. Bxh4 Rxb3 47. Rf1 Rb2+ 48. Kc1 Rb1+ 49. Kd2 Rxf1 50. f4 Rxf4 0-1

[Event "*** Titled Tuesday Blitz"]
[Site "Chess.com"]
[Date "2018.10.02"]
[Round "7"]
[White "Sanan_Sjugirov"]
[Black "Anton_Demchenko"]
[Result "1-0"]
[WhiteElo "2827"]
[BlackElo "2822"]
[TimeControl "180+2"]
[EndTime "14:34:35 PDT"]
[Termination "Sanan_Sjugirov won on time"]

1. d4 Nf6 2. c4 b6 3. Nc3 Bb7 4. Bg5 d5 5. Bxf6 exf6 6. cxd5 Bxd5 7. e3 Bb7 8. Nf3 Bd6 9. Qa4+ Kf8 10. Be2 g6 11. Nb5 Be7 12. Rc1 a6 13. Nxc7 Ra7 14.
Nb5 Ra8 15. Nc3 b5 16. Qb3 Nc6 17. a3 Rc8 18. O-O Kg7 19. Qa2 h5 20. Rfd1 Na5 21.
Nd2 h4 22. h3 Bd6 23. b4 Nc4 24. Nxc4 bxc4 25. Bxc4 Bb8 26. Bd5 Rxc3 27. Bxb7 Qc7 28. Rxc3 Qxc3 29. Bd5 Qc7 30. Kf1 Rc8 31. Qb3 f5 32. a4 Re8 33. Qc4 Qh2 34. Bf3 Qd6 35. Qc6 Qe7 36. d5 Bd6 37. b5 axb5 38. axb5 Rb8 39. b6 Kh6 40. Rb1 Qe5 41. b7 Qh2 42. Ke2 Kg7 43. Rb6 Rd8 44. Qc3+ Be5 45. Qb4 Bb8 46. Qe7 Rh8 47. Qf6+ Kg8 48. Rc6 1-0

[Event "*** Titled Tuesday Blitz"]
[Site "Chess.com"]
[Date "2018.10.02"]
[Round "7"]
[White "Maikrosoft63"]
[Black "b_6"]
[Result "1-0"]
[WhiteElo "2563"]
[BlackElo "2395"]
[TimeControl "180+2"]
[EndTime "14:34:37 PDT"]
[Termination "Maikrosoft63 won by resignation"]

1. e4 e6 2. d4 d5 3. Nd2 Be7 4. e5 c5 5. c3 Nc6 6. Bd3 Qb6 7. Ndf3 Bd7 8. Ne2 cxd4 9. cxd4 Nb4 10. Bb1 Bb5 11. O-O Qa6 12. Re1 Nd3 13. Bxd3 Bxd3 14.
Nc3 Rc8 15. Bg5 Bxg5 16. Nxg5 h6 17. Qh5 Bg6 18. Qh4 Ne7 19. Nf3 Nf5 20. Qf4 O-O 21. a4 Qb6 22. Re2 Rc4 23. Rd2 Rfc8 24. g4 Ne7 25. Nb5 Rxa4 26. Rxa4 Rc1+ 27. Kg2 Qxb5 28.
Rxa7 Be4 29. Ra8+ Kh7 30. Qxf7 Qf1+ 31. Kg3 Bxf3 32. Qxf3 Ng6 33. Ra3 Qg1+ 34. Qg2 Qe1 35. Rdd3 Rc2 36. Re3 Qd1 37. Rab3 Rc7 38. Red3 Qc1 39.
Re3 Rf7 40. Rbc3 Qd2 41. f3 Qxd4 42. h4 Nxe5 43. Qc2+ g6 44. h5 Rg7 45. hxg6+ Nxg6 46. Rxe6 Qf4+ 47. Kg2 d4 48. Rc8 Qf7 49. Rce8 Rg8 50.
Rxg8 Qxg8 51. Qf5 d3 52. Re7+ Kh8 53. Qf6+ 1-0

[Event "*** Titled Tuesday Blitz"]
[Site "Chess.com"]
[Date "2018.10.02"]
[Round "7"]
[White "AvitalBor"]
[Black "sergoy"]
[Result "1-0"]
[WhiteElo "2627"]
[BlackElo "2788"]
[TimeControl "180+2"]
[EndTime "14:34:47 PDT"]
[Termination "AvitalBor won by checkmate"]

1. e4 c5 2. Nf3 d6 3. Bb5+ Bd7 4. Bxd7+ Qxd7 5. O-O Nc6 6. c4 g6 7. Nc3 Bg7 8. d3 Nf6 9. h3 O-O 10. Be3 a6 11. Rb1 Rac8 12. a3 Ne8 13. Qd2 Nd4 14. Bxd4 cxd4 15. Ne2 e5 16. b4 Nc7 17. Ng3 b5 18. Rfc1 Ne6 19. Rc2 Rc7 20. Ne2 Rfc8 21. Rbc1 h5 22. h4 Qe7 23. g3 Kh7 24. Ng5+ Nxg5 25.
hxg5 f6 26. gxf6 Bxf6 27. cxb5 axb5 28. Kg2 Qd7 29. Ng1 d5 30. Rxc7 Rxc7 31. Rxc7 Qxc7 32. exd5 Qc3 33. Nf3 Qb3 34. d6 Qd5 35. Qc2 Qxd6 36.
Nd2 Be7 37. Ne4 Qd7 38. Qa2 Kg7 39. Qb3 h4 40. Qc2 g5 41. Qe2 Qf5 42. Qh5 Qe6 43.
Nxg5 Qc6+ 44. Ne4 hxg3 45. Kxg3 Qd5 46. Qf5 Bf8 47. Kg4 Be7 48. f3 Bd8 49. Kh5 Be7 50.
Qg6+ Kf8 51. Kh6 Qa2 52. Qf5+ Ke8 53. Kg7 Qxa3 54. Qc8+ Bd8 55. Nf6+ Ke7 56. Qd7# 1-0

[Event "*** Titled Tuesday Blitz"]
[Site "Chess.com"]
[Date "2018.10.02"]
[Round "7"]
[White "wonderfultime"]
[Black "David_Paravyan"]
[Result "0-1"]
[WhiteElo "2850"]
[BlackElo "2824"]
[TimeControl "180+2"]
[EndTime "14:35:03 PDT"]
[Termination "David_Paravyan won by resignation"]

1. d4 Nf6 2. Nf3 g6 3. Bg5 Bg7 4. Nbd2 O-O 5. c3 d6 6. e4 Nc6 7. Bd3 e5 8. O-O h6 9. Bh4 Qe8 10. Re1 Nh5 11. dxe5 dxe5 12. Qc2 Nf4 13. Bg3 Nxd3 14.
Qxd3 Be6 15. Qc2 Rd8 16. Nf1 Bc4 17. Rad1 Qe6 18. b3 Ba6 19. Ne3 Ne7 20. c4 c6 21.
h3 Kh7 22. Bh4 f6 23. Qc3 b6 24. Qc1 Bb7 25. Qa3 a6 26. Qb4 c5 27. Qc3 Bxe4 28.
Nd2 Bb7 29. Qc2 Nc6 30. Ne4 Rxd1 31. Rxd1 Nd4 32. Qb1 f5 33. Nc3 f4 34. Ned5 f3 35. g4 b5 36. Qe4 b4 37. Na4 Qd6 38. Kh1 Rf4 39. Qe3 Bxd5 40. cxd5 Qxd5 41. Rc1 Re4 42. Qd3 Re2 43. Rxc5 e4 44. Qxa6 Re1+ 45. Kh2 Be5+ 46. Bg3 Bxg3+ 47. fxg3 Re2+ 48. Kg1 Qf7 0-1

[Event "*** Titled Tuesday Blitz"]
[Site "Chess.com"]
[Date "2018.10.02"]
[Round "7"]
[White "lavr92"]
[Black "W_Amadeus"]
[Result "0-1"]
[WhiteElo "2515"]
[BlackElo "2614"]
[TimeControl "180+2"]
[EndTime "14:35:05 PDT"]
[Termination "W_Amadeus won on time"]

1. d4 d6 2. Nf3 Bg4 3. c4 c6 4. Nc3 Nf6 5. e4 e6 6. Qb3 Qb6 7. Nd2 e5 8. d5 Na6 9. f3 Bd7 10. Qxb6 axb6 11. Be2 Nb4 12. Kd1 h5 13. a3 c5 14. Rb1 Na6 15. b4 O-O-O 16. Nf1 h4 17. Rg1 Be7 18. Be3 Rdg8 19. Kd2 Bd8 20. Bd1 g5 21. h3 Nh5 22. Ba4 Bxa4 23. Nxa4 Nf4 24. Bf2 Nb8 25. Ne3 Nd7 26. Rb2 Rg6 27. Rgb1 Bc7 28.
Rb3 Kd8 29. Ke1 Re8 30. Kf1 Ke7 31. Nf5+ Kf8 32. bxc5 dxc5 33. d6 Bd8 34. Nc3 Nh5 35. a4 Ng7 36. Rd1 Nxf5 37. exf5 Rf6 38. a5 Rxf5 39.
axb6 Re6 40. Ne4 Bxb6 41. Rdb1 Bd8 42. Rxb7 Nf6 43. Rb8 Ke8 44. Rd1 Nxe4 45. fxe4 Rf4 46. Kg1 Kd7 47. Bxc5 Rxe4 48. Ra1 Rxc4 49. Ra7+ Kc6 50.
Rxd8 Kxc5 51. d7 Rd4 52. Rc8+ Kb6 53. Rac7 Red6 0-1

[Event "*** Titled Tuesday Blitz"]
[Site "Chess.com"]
[Date "2018.10.02"]
[Round "7"]
[White "topotun"]
[Black "BasilSmash"]
[Result "1-0"]
[WhiteElo "2692"]
[BlackElo "2400"]
[TimeControl "180+2"]
[EndTime "14:35:07 PDT"]
[Termination "topotun won by checkmate"]

1. e4 c6 2. d4 d5 3. Nd2 dxe4 4. Nxe4 Bf5 5. Ng3 Bg6 6. h4 h6 7. Nf3 e6 8. h5 Bh7 9. Bd3 Bxd3 10. Qxd3 Nf6 11. Bd2 Be7 12. O-O-O O-O 13. Kb1 c5 14. Ne4 Nc6 15. Bc3 cxd4 16. Nxd4 Nxd4 17. Bxd4 Rc8 18. Qg3 Qc7 19. Bxf6 Qxg3 20. fxg3 Bxf6 21. Rd7 Rb8 22. c3 Rfd8 23. Rhd1 Rxd7 24. Rxd7 Be5 25.
g4 Kf8 26. Nc5 b6 27. Nd3 Bg3 28. Rxa7 Ke8 29. Kc2 Bd6 30. a4 Be7 31. Ne5 Rc8 32. Rb7 Rc5 33. Nf3 Ra5 34. b3 Bd8 35. Kb2 Rd5 36. Kc2 Rd7 37. Rxd7 Kxd7 38. Ne5+ Ke8 39. Kd3 Bc7 40. Kd4 Bxe5+ 41. Kxe5 Kd7 42. b4 f6+ 43. Kd4 Kd6 44. c4 e5+ 45. Ke4 Kc6 46. Kf5 Kd6 47. Ke4 Kc6 48. Kd3 Kd6 49. Kc3 Kc6 50. Kd3 Kd6 51.
b5 Kc5 52. Kc3 Kd6 53. Kb4 Kc7 54. c5 bxc5+ 55. Kxc5 Kb7 56. a5 Kc7 57. b6+ Kb7 58.
Kb5 Kb8 59. a6 Kc8 60. Kc6 e4 61. b7+ Kb8 62. Kb6 e3 63. g3 e2 64. g5 hxg5 65. h6 e1=Q 66. a7# 1-0

[Event "*** Titled Tuesday Blitz"]
[Site "Chess.com"]
[Date "2018.10.02"]
[Round "7"]
[White "Didici"]
[Black "BocharovD"]
[Result "0-1"]
[WhiteElo "2626"]
[BlackElo "2789"]
[TimeControl "180+2"]
[EndTime "14:35:15 PDT"]
[Termination "BocharovD won by checkmate"]

1. d4 Nf6 2. c4 e6 3. Nf3 d5 4.
Nc3 c6 5. g3 Nbd7 6. Bg2 Be7 7.
O-O dxc4 8. a4 O-O 9. e4 Re8 10.
Bf4 Nh5 11. Be3 Nhf6 12. Nd2 e5 13. Nxc4 exd4 14. Bxd4 Nf8 15. e5 Ng4 16. Ne4 Nh6 17.
Bc3 Be6 18. Ncd6 Bxd6 19. Nxd6 Re7 20. Qc2 Rd7 21. Rfd1 Ng6 22. Nxb7 Rxd1+ 23. Rxd1 Qg5 24. Bxc6 Ng4 25. f4 Qe7 26. Qe2 Rb8 27. Nd6 Qc7 28. Bf3 Nh6 29. Nb5 Qe7 30. Nd4 Rc8 31. Kg2 Nf5 32.
Nxf5 Bxf5 33. Rd6 Nf8 34. Qd2 Be6 35. Be4 g6 36. Bf3 h5 37. b4 Rc4 38. Rc6 h4 39. Rxc4 Bxc4 40. Qd4 Be6 41. Qd6 Qe8 42. b5 Qc8 43. Bc6 Nd7 44. Bb4 Nb6 45. a5 Nc4 46. Qd4 a6 47. Kf2 h3 48. Be7 axb5 49. Bxb5 Qb7 50. Bxc4 Qxe7 51. Bxe6 Qxe6 52. Qc5 Qa2+ 53. Ke3 Qxh2 54. a6 Qxg3+ 55. Ke4 Qg2+ 56. Kd4 h2 57. a7 h1=Q 58. Qc8+ Kg7 59. Kc5 Qd5+ 60. Kb6 Qb1+ 61. Kc7 Qc2+ 62. Kb8 Qcb3+ 63. Kc7 Qbc4+ 64. Kb8 Qcb5+ 65. Kc7 Qbc5+ 66. Kb8 Qb6+ 67. Qb7 Qbxb7# 0-1

[Event "*** Titled Tuesday Blitz"]
[Site "Chess.com"]
[Date "2018.10.02"]
[Round "7"]
[White "aquaticpineapples"]
[Black "andrzej"]
[Result "0-1"]
[WhiteElo "2032"]
[BlackElo "2226"]
[TimeControl "180+2"]
[EndTime "14:35:15 PDT"]
[Termination "andrzej won by resignation"]

1. d4 Nf6 2. Nf3 b6 3. Nbd2 Bb7 4. e3 e6 5. Bd3 c5 6. O-O Be7 7. b3 O-O 8. Bb2 Nc6 9. a3 cxd4 10. exd4 d5 11.
Ne5 Rc8 12. Qe2 Qc7 13. f4 Rfe8 14. Rf3 Bf8 15. Rh3 g6 16. Qf2 Bg7 17. Ndf3 Ne4 18.
Qh4 h5 19. g4 Nxe5 20. fxe5 hxg4 21. Qxg4 Qe7 22. Bc1 Rc3 23. Ng5 Qc7 24. Bf4 Rxc2 25. Bxc2 Qxc2 26. Rf1 Qb2 27. Be3 Nxg5 28. Qxg5 Qxb3 29.
Qh4 Qc2 30. Qh7+ Kf8 31. Rhf3 Re7 32. Bh6 Ke8 33. Qxg7 Qb2 34. Qf8+ Kd7 35. Rxf7 Qxd4+ 36. Kg2 Qg4+ 37. Kh1 d4+ 38. R7f3 Bxf3+ 39. Qxf3 Qxf3+ 40. Rxf3 Kc6 41. Rd3 Kd5 42. Kg2 Ke4 43. Rd1 Kxe5 44.
Kf3 Rf7+ 45. Kg4 Kd5 46. Bf4 e5 47. Bg3 e4 48. Kg5 e3 49. Kxg6 Rd7 50. h4 Ke4 51. h5 e2 52. Rd2 d3 53. h6 Ke3 54.
Be1 Rd6+ 55. Kg7 Rd7+ 56. Kg6 Rd6+ 57. Kg5 Rd5+ 58. Kf6 Rh5 59. Kg7 Rh1 60. h7 Rxe1 61. Rxd3+ Kxd3 62. h8=Q Rg1+ 63. Kf6 e1=Q 64. Qd8+ Kc2 65.
Qc7+ Qc3+ 0-1

[Event "*** Titled Tuesday Blitz"]
[Site "Chess.com"]
[Date "2018.10.02"]
[Round "7"]
[White "dretch"]
[Black "Lovkov_Roman"]
[Result "1/2-1/2"]
[WhiteElo "2767"]
[BlackElo "2640"]
[TimeControl "180+2"]
[EndTime "14:35:37 PDT"]
[Termination "Game drawn - insufficient material"]

1. d4 Nf6 2. c4 g6 3. Nc3 Bg7 4. e4 d6 5. Nf3 O-O 6. h3 e5 7. dxe5 dxe5 8. Qxd8 Rxd8 9. Bg5 Re8 10. Nd5 Nxd5 11. cxd5 c6 12. Bc4 cxd5 13. Bxd5 Na6 14. Nd2 Nc7 15. Bb3 a5 16. Rc1 a4 17. Bxf7+ Kxf7 18. Rxc7+ Kg8 19. Ke2 b5 20. Rhc1 Be6 21. a3 Rab8 22.
Ra7 Rec8 23. Rcc7 Rxc7 24. Rxc7 b4 25. Be7 b3 26. Nc4 Rc8 27. Rxc8+ Bxc8 28. Nd6 Ba6+ 29. Kd2 Bh6+ 30. Kc3 Bf1 31. g3 Bxh3 32. Kb4 Bd7 33. Bf6 Bd2+ 34. Kc5 Bc3 35. Nc4 Bd4+ 36. Kd6 Bb5 37.
Nxe5 Bxb2 38. Ng4 Bxf6 39. Nxf6+ Kg7 40. Nd5 b2 41. Nc3 Bd3 42. e5 Kf7 43. e6+ Ke8 44.
Nd5 b1=Q 45. Nc7+ Kf8 46. e7+ Kg7 47. e8=Q Qb6+ 48. Qc6 Qxc6+ 49. Kxc6 h5 50. Kd5 Kf6 51. Kd4 Bc2 52. Nd5+ Ke6 53. Ne3 Bb3 54. f4 Kf6 55. Ke4 g5 56. Kf3 gxf4 57. Kxf4 Be6 58. Nc2 Bb3 59.
Nd4 Bd1 60. Nb5 Ke6 61. Nc3 Bc2 62. Kg5 Ke5 63. Kxh5 Kd4 64. Nxa4 Bxa4 65. g4 Bd1 66. Kh6 Bxg4 67. a4 Kc5 68. a5 Kb5 69. a6 Kxa6 1/2-1/2

[Event "*** Titled Tuesday Blitz"]
[Site "Chess.com"]
[Date "2018.10.02"]
[Round "7"]
[White "Alexander_Moskalenko"]
[Black "Korchmar_Vasiliy"]
[Result "1/2-1/2"]
[WhiteElo "2847"]
[BlackElo "2700"]
[TimeControl "180+2"]
[EndTime "14:36:17 PDT"]
[Termination "Game drawn by agreement"]

1. d4 Nf6 2. Bf4 g6 3. Nf3 Bg7 4. Nc3 c5 5. d5 O-O 6. e4 d6 7. a4 Bg4 8. Be2 Nbd7 9. O-O a6 10. h3 Bxf3 11. Bxf3 Ne5 12. Be2 e6 13. dxe6 fxe6 14. Qd2 Qe7 15. Be3 Rad8 16. f4 Nc6 17.
Rae1 Kh8 18. Bf3 Nb4 19. Qf2 Nd7 20. Re2 Bh6 21. g3 Bg7 22. Kh2 Nc6 23. Rd2 Nd4 24.
Bg2 Ne5 25. b3 Nec6 26. Ne2 Nxe2 27. Qxe2 Nd4 28. Qd1 e5 29. c3 Nc6 30. f5 gxf5 31.
Rxf5 Rxf5 32. exf5 e4 33. Rd5 Be5 34. Bf2 Rg8 35.
Bxe4 Bxg3+ 36. Bxg3 Qxe4 37. Rxd6 Qxf5 38. Qd3 Qxd3 39.
Rxd3 Re8 40. Bd6 c4 41. bxc4 Re4 42. Bc7 Rxc4 43. a5 Kg7 44. Bb6 Re4 45. Kg3 Kf6 46. Rd6+ Re6 47. Rd7 Re7 48. Rd5 Ke6 49. Rh5 Kf6 50. Kf4 Rd7 51. Rh6+ Kg7 52. Re6 Kf7 53.
Re3 Rd5 54. Rf3 Nxa5 55. Ke4+ Ke6 56. Bd4 Rh5 57. Rf6+ Ke7 58. Rb6 Rxh3 59. Bc5+ Kd7 60. Bb4 Rh4+ 61. Kd3 Rh3+ 62. Ke4 Rh4+ 63. Kd3 Rh3+ 64. Ke4 Rh4+ 65. Kf3 Rh5 66. Bxa5 Rxa5 67. Rxb7+ Kc6 68. Rxh7 Ra3 69. Ke2 Rxc3 70. Kd2 Rc5 71. Rh3 Kb5 72. Rc3 1/2-1/2

[Event "*** Titled Tuesday Blitz"]
[Site "Chess.com"]
[Date "2018.10.02"]
[Round "7"]
[White "ahmadzada13"]
[Black "Gubajdullin"]
[Result "0-1"]
[WhiteElo "2638"]
[BlackElo "2406"]
[TimeControl "180+2"]
[EndTime "14:37:15 PDT"]
[Termination "Gubajdullin won by resignation"]

1. e4 c6 2. Nf3 d5 3. Nc3 d4 4.
Ne2 c5 5. c3 Nc6 6. cxd4 cxd4 7. d3 e5 8. g3 Bb4+ 9. Bd2 a5 10. Bg2 Nf6 11. O-O Bxd2 12. Nxd2 Nd7 13. f4 O-O 14. Nf3 Qe7 15. Rc1 a4 16. f5 f6 17. g4 Nc5 18. a3 b6 19. Ng3 Ba6 20. Rf2 Na5 21. Bf1 Ncb3 22. Rcc2 Rac8 23. h4 Rxc2 24. Rxc2 Rc8 25.
Rxc8+ Bxc8 26. g5 Bd7 27. Be2 Be8 28. Kh1 Qc5 29. gxf6 gxf6 30. Qe1 Qc1 31. Kg2 Qxe1 32. Nxe1 Nc1 33. Nc2 Bb5 34. Nb4 Nab3 35. Bf1 Nc5 36. Nd5 Kf7 37. Nh5 Nd7 38. Nb4 Nc5 39. Nd5 Nd7 40. Nb4 Nb3 41. Kf2 Nbc5 42. Ke1 Ba6 43. Be2 Bb7 44. Bd1 b5 45. Kd2 Nb6 46. Ng3 Bc8 47. Nc6 Bd7 48. Bh5+ Kg7 49. Nb4 Nb3+ 50.
Ke1 Nc5 51. Be2 Nb7 52. Na6 Nd6 53. Nh5+ Kf7 54. Nc5 Ke7 55. Ng7 Be8 56. Nxe8 Nxe8 57. Bd1 Nd7 58. Na6 Kd6 59. b3 axb3 60. Bxb3 Nc7 61.
Nxc7 Kxc7 62. Kf2 Nc5 63. Bc2 Kb6 64. h5 h6 65. Ke2 Ka5 66. Kd2 b4 67. axb4+ Kxb4 68. Bd1 Ka3 69. Kc2 Na6 70. Be2 Nb4+ 71. Kd2 Kb2 72. Bd1 Nc6 73. Ba4 Na5 74. Bb5 Nb3+ 75. Ke2 Kc3 76. Kd1 Nc5 77. Ke2 Kc2 78. Bc4 Nb3 0-1

[Event "*** Titled Tuesday Blitz"]
[Site "Chess.com"]
[Date "2018.10.02"]
[Round "8"]
[White "kharov2001"]
[Black "nochewycandy"]
[Result "0-1"]
[WhiteElo "2188"]
[BlackElo "2181"]
[TimeControl "180+2"]
[EndTime "14:40:37 PDT"]
[Termination "nochewycandy won by resignation"]

1. e4 g6 2. d4 Bg7 3. Nc3 d6 4. f4 a6 5. Nf3 b5 6. Bd3 Nd7 7. e5 c5 8. Be4 Rb8 9. O-O cxd4 10. Qxd4 b4 11. Nd5 Nc5 12. Nxb4 Nxe4 13. Nc6 Qc7 14. Nxb8 Nc5 15. exd6 Bxd4+ 0-1

[Event "*** Titled Tuesday Blitz"]
[Site "Chess.com"]
[Date "2018.10.02"]
[Round "8"]
[White "Perecke"]
[Black "RitvarsReimanis"]
[Result "0-1"]
[WhiteElo "1982"]
[BlackElo "2604"]
[TimeControl "180+2"]
[EndTime "14:41:41 PDT"]
[Termination "RitvarsReimanis won by resignation"]

1. e4 c5 2. Nf3 Nc6 3. c4 e5 4.
Be2 d6 5. O-O f5 6. d3 Nf6 7.
Ne1 fxe4 8. dxe4 Nxe4 9. f4 Be7 10. fxe5 dxe5 11. Nd2 Qd4+ 12. Kh1 Nf2+ 13. Rxf2 Qxf2 14. Nd3 Qf7 15. Nf3 0-1

[Event "*** Titled Tuesday Blitz"]
[Site "Chess.com"]
[Date "2018.10.02"]
[Round "8"]
[White "Bauxi435"]
[Black "vovachesss"]
[Result "0-1"]
[WhiteElo "2425"]
[BlackElo "2476"]
[TimeControl "180+2"]
[EndTime "14:41:55 PDT"]
[Termination "vovachesss won by resignation"]

1. d4 Nf6 2. c4 e6 3. Nc3 Bb4 4.
f3 c5 5. d5 b5 6. e4 exd5 7.
cxd5 O-O 8. Bd3 c4 9. Bc2 Qb6 10.
Nh3 d6 11. Nf2 Nbd7 12. Qe2 Bc5 13. Nfd1 Re8 14. Be3 Bb7 15. Bxc5 Nxc5 16. O-O Ncxe4+ 17. Ne3 Nxc3 0-1

[Event "*** Titled Tuesday Blitz"]
[Site "Chess.com"]
[Date "2018.10.02"]
[Round "8"]
[White "plouarzel"]
[Black "b_6"]
[Result "1-0"]
[WhiteElo "2592"]
[BlackElo "2391"]
[TimeControl "180+2"]
[EndTime "14:42:46 PDT"]
[Termination "plouarzel won by resignation"]

1. e4 e6 2. d4 d5 3. Nd2 Be7 4. Ngf3 Nf6 5. e5 Nfd7 6. Bd3 c5 7. c3 b6 8. O-O Ba6 9. Ne1 Bxd3 10. Nxd3 Nc6 11.
Qg4 O-O 12. Nf3 Kh8 13. h4 Rc8 14. h5 h6 15. Bd2 Na5 16. Rad1 cxd4 17. cxd4 Nc4 18.
Bc1 b5 19. Qf4 b4 20. g4 Rc6 21. g5 hxg5 22. Nxg5 Bxg5 23. Qxg5 Qxg5+ 24. Bxg5 a5 25. Kg2 Rfc8 26. Rh1 Kh7 27. h6 g6 28. Rh3 Ndb6 29.
Rf3 R8c7 30. Rh1 Nc8 31. Rh4 N4b6 32. Rhf4 Kg8 33. h7+ Kxh7 34. Rh4+ 1-0

[Event "*** Titled Tuesday Blitz"]
[Site "Chess.com"]
[Date "2018.10.02"]
[Round "8"]
[White "Blitzstream"]
[Black "Rodalquilar"]
[Result "0-1"]
[WhiteElo "2610"]
[BlackElo "2571"]
[TimeControl "180+2"]
[EndTime "14:42:47 PDT"]
[Termination "Rodalquilar won by resignation"]

1. d4 Nf6 2. Bg5 Ne4 3. Bh4 c5 4. f3 g5 5. fxe4 gxh4 6. e3 Qb6 7. Nc3 Bg7 8. Nd5 Qa5+ 9. c3 e6 10. Qg4 Kf8 11. b4 cxb4 12. cxb4 Qa3 13. Qxh4 Nc6 14.
b5 exd5 15. bxc6 Qxe3+ 16. Be2 Bh6 17. Nf3 Qc3+ 18. Kf2 Be3+ 19. Kf1 Qxa1+ 20. Ne1 Bd2 0-1

[Event "*** Titled Tuesday Blitz"]
[Site "Chess.com"]
[Date "2018.10.02"]
[Round "8"]
[White "Kouzari"]
[Black "Godzillator"]
[Result "1-0"]
[WhiteElo "2484"]
[BlackElo "2254"]
[TimeControl "180+2"]
[EndTime "14:42:50 PDT"]
[Termination "Kouzari won by checkmate"]

1. d4 d5 2. c4 c6 3. Nc3 Nf6 4. Nf3 a6 5. e3 Bf5 6. Ne5 Nbd7 7. f4 Nxe5 8. fxe5 Ne4 9. cxd5 Nxc3 10. bxc3 cxd5 11.
Qb3 Rb8 12. Be2 e6 13. O-O Be7 14. a4 O-O 15. c4 Be4 16. c5 b6 17. cxb6 Rxb6 18.
Qa2 Qa8 19. Ba3 Bxa3 20. Qxa3 Rfb8 21. Bf3 Bxf3 22. Rxf3 Rb1+ 23. Rxb1 Rxb1+ 24. Kf2 Qb7 25. Kg3 h6 26. Qd6 g6 27. h4 h5 28. Qd8+ Kg7 29. Qf6+ Kg8 30. Kf4 Rc1 31. Kg5 Rc7 32. Kh6 Kf8 33. Qd8# 1-0

[Event "*** Titled Tuesday Blitz"]
[Site "Chess.com"]
[Date "2018.10.02"]
[Round "8"]
[White "Korchmar_Vasiliy"]
[Black "robbykevlishvili"]
[Result "1-0"]
[WhiteElo "2708"]
[BlackElo "2678"]
[TimeControl "180+2"]
[EndTime "14:43:23 PDT"]
[Termination "Korchmar_Vasiliy won by resignation"]

1. d4 Nf6 2. c4 g6 3. Nc3 Bg7 4. e4 O-O 5. Nf3 d6 6. h3 c6 7. Be3 a6 8. Be2 Nbd7 9. O-O b5 10. e5 Ne8 11. Bf4 bxc4 12. Bxc4 d5 13. Bd3 Nc7 14.
Qd2 c5 15. Bh6 cxd4 16. Bxg7 Kxg7 17. Ne2 f6 18. Nexd4 Nxe5 19. Nxe5 fxe5 20. Nc6 Qd6 21.
Qc3 d4 22. Qc1 Nd5 23. Re1 Nf4 24. Nxe5 Bb7 25. Bf1 Qd5 26. f3 Rf5 27. Qc7 Kh6 28. Ng4+ Kh5 29. Rxe7 h6 30. Rh7 Kh4 31. Kh2 1-0

[Event "*** Titled Tuesday Blitz"]
[Site "Chess.com"]
[Date "2018.10.02"]
[Round "8"]
[White "ChessicallyInclined"]
[Black "farzadbfd"]
[Result "0-1"]
[WhiteElo "2413"]
[BlackElo "2539"]
[TimeControl "180+2"]
[EndTime "14:43:31 PDT"]
[Termination "farzadbfd won by resignation"]

1. e4 e5 2. Nf3 Nc6 3. Bb5 a6 4.
Ba4 d6 5. c3 Bd7 6. O-O g6 7.
d4 Bg7 8. Re1 Nf6 9. Nbd2 O-O 10. d5 Nb8 11. Bc2 Nh5 12. Nc4 a5 13. a4 b6 14. b4 axb4 15. cxb4 Na6 16. Bd2 Nf4 17.
Bc3 h5 18. a5 bxa5 19. Nxa5 h4 20. Ba4 Bg4 21. Nc6 Qf6 22. Re3 Bh6 23. Kh1 Nxg2 24. Rd3 Nf4 25. Re3 Nxd5 26. exd5 Bxe3 0-1